 Dungeon Crawl Stone Soup version 0.28-a0-1624-g820543e53a (webtiles) character file.

Game seed: 2439206590742451363

109 Shayle the Skirmisher (level 4, -1/35 HPs)
             Began as a Demonspawn Warper on Jan 24, 2022.
             Slain by an iguana (10 damage)
             ... on level 4 of the Dungeon.
             The game lasted 00:09:01 (4064 turns).

Shayle the Skirmisher (Demonspawn Warper)           Turns: 4064, Time: 00:09:02

Health: -1/35      AC:  6    Str: 11    XL:     4   Next: 59%
Magic:  7/7        EV: 11    Int: 14    God:
Gold:   138        SH:  0    Dex: 15    Spells: 7/7 levels left

rFire   . . .      SeeInvis .     - Unarmed
rCold   + . .      Faith    .   (no shield)
rNeg    . . .      Spirit   .   a - +0 leather armour
rPois   .          Reflect  .   (no helmet)
rElec   .          Harm     .   (no cloak)
rCorr   .          Rampage  .   b - +2 pair of gloves
Will    .....                   (no boots)
Stlth   ++........              (no amulet)
HPRegen 0.11/turn               i - ring of protection from cold
MPRegen 0.10/turn               (no ring)

@: no status effects
A: hooves 1, demonic magic 1
a: no special abilities


You were on level 4 of the Dungeon.
You visited 1 branch of the dungeon, and saw 4 of its levels.

You collected 138 gold pieces.

Inventory:

Missiles
 f - 3 boomerangs (quivered)
Armour
 a - a +0 leather armour (worn)
 b - a +2 pair of gloves (worn)
Jewellery
 i - a ring of protection from cold (left hand)
Scrolls
 c - a scroll of amnesia {unknown}
 e - 4 scrolls of identify
 h - a scroll of summoning {unknown}
 k - a scroll of blinking
Potions
 d - a potion of might
 g - a potion of degeneration {unknown}
 j - a potion of lignification {unknown}
 l - a potion of mutation {unknown}


   Skills:
 + Level 3.2 Fighting
 - Level 0.8 Throwing
 - Level 0.8 Armour
 - Level 1.7 Dodging
 + Level 2.3 Stealth
 + Level 2.9 Unarmed Combat
 - Level 2.0 Spellcasting
 - Level 2.6 Translocations


You had 7 spell levels left.
You didn't know any spells.
Your spell library contained the following spells:

 Spells                   Type           Power      Damage    Failure   Level
 Blink                    Tloc           16%        N/A       16%         2
 Gell's Gravitas          Tloc           8%         N/A       30%         3
 Lesser Beckoning         Tloc           8%         N/A       30%         3
 Teleport Other           Tloc           8%         N/A       30%         3
 Manifold Assault         Tloc           8%         N/A       96%         5
 Leda's Liquefaction      Hex/Erth       0%         N/A       97%         4
 Lee's Rapid Deconstruct  Erth           0%         3d5*      100%        5
 Statue Form              Tmut/Erth      0%         N/A       100%        6


Dungeon Overview and Level Annotations

Branches:
Dungeon (4/15)
 Temple: D:4-7

Altars:
Makhleb


Innate Abilities, Weirdness & Mutations

You have large cloven feet.
Spells you cast may paralyse adjacent enemies.


Message History

The hobgoblin hits you but does no damage.
You hit the hobgoblin but do no damage. Your kick misses the hobgoblin.
The hobgoblin is heavily wounded.
The hobgoblin closely misses you.
You hit the hobgoblin but do no damage.
The hobgoblin is heavily wounded.
The hobgoblin closely misses you.
You hit the hobgoblin.
You kill the hobgoblin!
There is a stone staircase leading up here.
You barely miss the iguana. The iguana closely misses you.
You hit the iguana but do no damage. The iguana bites you.
You hit the iguana.
The iguana is lightly wounded.
The iguana barely misses you.
You hit the iguana.
The iguana is moderately wounded.
The iguana completely misses you.
You barely miss the iguana. You kick the iguana.
The iguana is moderately wounded.
The iguana bites you!
You hit the iguana but do no damage. Your kick misses the iguana.
The iguana is moderately wounded.
The iguana bites you!
You closely miss the iguana. You kick the iguana, but do no damage.
The iguana is moderately wounded.
You hit the iguana but do no damage. You kick the iguana.
The iguana is moderately wounded.
The iguana closely misses you.
You barely miss the iguana.
The iguana is moderately wounded.
The iguana bites you.
You hit the iguana but do no damage.
The iguana is moderately wounded.
The iguana bites you.
* * * LOW HITPOINT WARNING * * *
You hit the iguana but do no damage. Your kick misses the iguana.
The iguana is moderately wounded.
The iguana bites you!
You die...

#.._.............#####
#..................
#...........#######
##########....# #..#.#
#######.###
........#.#
#####..†..# ####+#@..#
#.....l..# #........#
#......#.# #......#.#
#######.....##.#
................
.............#.#
........####.# ..


You could see an iguana.

Vanquished Creatures
  4 adders
  A worm (D:2)
  3 dart slugs
  3 orcs
  7 bats
  7 endoplasms
  A giant cockroach (D:1)
  2 goblins
  14 hobgoblins
  2 quokkas
  6 ball pythons
  2 kobolds
  3 rats
55 creatures vanquished.

Vanquished Creatures (others)
  A bush (D:1)
  28 plants (D:1)
29 creatures vanquished.

Grand Total: 84 creatures vanquished

Notes
Turn   | Place    | Note
-------+----------+-------------------------------------------
     0 | D:1      | Shayle the Demonspawn Warper began the quest for the Orb.
     0 | D:1      | Reached XP level 1. HP: 16/16 MP: 3/3
   384 | D:1      | Gained mutation: Spells you cast may paralyse adjacent
                  | enemies. [demonic ancestry]
   384 | D:1      | Reached XP level 2. HP: 14/22 MP: 5/5
   597 | D:1      | Found a faded altar of an unknown god.
   604 | D:1      | Reached skill level 1 in Stealth
  1874 | D:2      | Reached XP level 3. HP: 25/28 MP: 6/6
  2505 | D:2      | Identified the +1 robe of Existentialism {+Inv rN+ Dex-3
                  | Stlth+}
  3046 | D:3      | Gained mutation: You have large cloven feet. [demonic
                  | ancestry]
  3046 | D:3      | Reached XP level 4. HP: 28/34 MP: 7/7
  3117 | D:3      | Reached skill level 3 in Fighting
  3972 | D:4      | Found a burning altar of Makhleb.
  4064 | D:4      | Slain by an iguana

Illustrated notes

Levels and vault maps discovered:
D:1:      eino_arrival_druids_welcome, layout_rooms, serial_forest,
          infiniplex_forest_end_2, infiniplex_forest_clump_diagonal,
          infiniplex_forest_straight_3, infiniplex_forest_zigzag_2,
          infiniplex_forest_clump_C, infiniplex_forest_clump_double,
          infiniplex_forest_clump_double, infiniplex_forest_straight_3,
          infiniplex_forest_3_way, shapermc_ecumenical_altar_mp_highgroup
D:2:      layout_basic
D:3:      layout_loops_cross
D:4:      layout_basic, bloody_makhleb, minmay_temple_entry_ruins,
          serial_bayou_crossing, uniq_eustachio, uniq_duvessa, uniq_edmund

Skill      XL: |  1  2  3  4 |
---------------+-------------+-----
Unarmed Combat | 2 |  2.9
Stealth        | 1 2 |  2.3
Fighting       | 3 |  3.2
Throwing       | |  0.8
Armour         | |  0.8
Dodging        | |  1.7
Spellcasting   | |  2.0
Translocations | |  2.6

Action                   |  1- 3 |  4- 6 || total
-------------------------+-------+-------++-------
Melee: Unarmed           |   202 |    80 ||   282
       Punch             |     3 |       ||     3
       Kick              |       |    19 ||    19
Throw: Boomerang         |       |     5 ||     5
  Use: Scroll            |     2 |       ||     2
 Stab: Sleeping          |     2 |     4 ||     6
Armor: Leather armour    |    56 |    19 ||    75
Dodge: Dodged            |   110 |    45 ||   155

Table legend: (Time is in decaauts)
 A = Elapsed time spent in this place.
 B = Non-inter-level travel time spent in this place.
 C = Inter-level travel time spent in this place.
 D = Time resting spent in this place.
 E = Time spent auto-exploring this place.
 F = Levels seen in this place.
 G = Mean time per level.
                   A        B        C        D        E       F      G
               +--------+--------+--------+--------+--------+-----+--------+
         Total |   4054 |   3979 |     75 |    670 |   2495 |   4 | 1013.5 |
       Dungeon |   4054 |   3979 |     75 |    670 |   2495 |   4 | 1013.5 |
               +--------+--------+--------+--------+--------+-----+--------+

Top non-repeatable levels by time:
     D:1: 1775 daAuts
     D:2: 1189 daAuts
     D:3: 971 daAuts
     D:4: 118 daAuts
